 Dungeon Crawl Stone Soup version 0.20.0-10-g0535bb4 (webtiles) character file.

9068 Gorglomux the Protected (level 11, -5/104 HPs)
             Began as a Deep Dwarf Fighter on June 4, 2017.
             Was a Priest of Makhleb.
             Slain by Urug
             ... wielding a +5 great sword of pain
              (23 damage)
             ... on level 11 of the Dungeon.
             The game lasted 00:10:43 (6100 turns).

Gorglomux the Protected (Deep Dwarf Fighter)        Turns: 6100, Time: 00:10:44

Health: -5/104     AC:  9    Str: 21    XL:     11   Next: 18%
Magic:  3/3        EV: 13    Int:  8    God:    Makhleb [***...]
Gold:   325        SH: 12    Dex: 15    Spells: 10/10 levels left

rFire    . . .     SeeInvis .   a - +0 war axe
rCold    . . .     Gourm    .   c - +0 shield
rNeg     . . .     Faith    .   W - +0 chain mail
rPois    .         Spirit   .   (no helmet)
rElec    .         Reflect  .   (no cloak)
rCorr    .         Harm     .   (no gloves)
MR       +....                  (no boots)
Stlth    ..........             (no amulet)
Regen    0.0/turn               k - +6 ring of evasion
MPRegen  0.1/turn               y - -2 ring of protection (curse)

@: non-regenerating
A: damage resistance, heal wounds, sense surroundings 2, no regeneration
a: Heal Wounds, Minor Destruction, Lesser Servant of Makhleb, Renounce Religion


You were on level 11 of the Dungeon.
You worshipped Makhleb.
Makhleb was most pleased with you.
You were hungry.

You visited 2 branches of the dungeon, and saw 12 of its levels.

You collected 325 gold pieces.

Inventory:

Hand Weapons
 a - a +0 war axe (weapon)
Armour
 b - a +0 scale mail
 c - a +0 shield (worn)
 W - a +0 chain mail (worn)
Jewellery
 g - an uncursed ring of resist corrosion
 k - a +6 ring of evasion (left hand)
 s - an uncursed ring of see invisible
 y - a cursed -2 ring of protection (right hand)
Wands
 j - a wand of iceblast (2/15)
 C - a wand of confusion (8/48)
 H - a wand of iceblast (5/15)
 I - a wand of iceblast (10/15)
 L - a wand of lightning (2/15)
 V - a wand of iceblast (0/15)
Scrolls
 o - a scroll of vulnerability {unknown}
 x - a scroll of enchant weapon {unknown}
 A - a scroll of recharging {unknown}
 B - 4 scrolls of remove curse {unknown}
 G - 2 scrolls of teleportation {unknown}
 J - 2 scrolls of immolation {unknown}
 K - 3 scrolls of blinking {unknown}
 M - a scroll of magic mapping
 O - a scroll of enchant armour {unknown}
 R - 3 scrolls of identify
 T - 2 scrolls of amnesia {unknown}
 Z - a scroll of fog {unknown}
Potions
 d - a potion of might
 l - 2 potions of degeneration
 D - a potion of resistance
 P - a potion of agility
 Q - a potion of mutation {unknown}
 S - a potion of curing {unknown}
 U - a potion of brilliance {unknown}
 Y - a potion of haste {unknown}
Books
 m - a book of Necromancy

   Spells                             Type                      Level
   a - Pain                           Necromancy                   1
   b - Animate Skeleton               Necromancy                   1
   c - Vampiric Draining              Necromancy                   3
   d - Regeneration                   Charms/Necromancy            3
   e - Animate Dead                   Necromancy                   4
   f - Control Undead                 Necromancy                   4
 w - a book of Flames

   Spells                             Type                      Level
   a - Flame Tongue                   Conjuration/Fire             1
   b - Throw Flame                    Conjuration/Fire             2
   c - Conjure Flame                  Conjuration/Fire             3
   d - Inner Flame                    Hexes/Fire                   3
   e - Sticky Flame                   Conjuration/Fire             4
   f - Fireball                       Conjuration/Fire             5
 E - a book of Minor Magic

   Spells                             Type                      Level
   a - Magic Dart                     Conjuration                  1
   b - Blink                          Translocation                2
   c - Call Imp                       Summoning                    2
   d - Slow                           Hexes                        2
   e - Conjure Flame                  Conjuration/Fire             3
   f - Mephitic Cloud                 Conjuration/Poison/Air       3
 F - a book of Debilitation

   Spells                             Type                      Level
   a - Corona                         Hexes                        1
   b - Slow                           Hexes                        2
   c - Inner Flame                    Hexes/Fire                   3
   d - Portal Projectile              Hexes/Translocation          3
   e - Cause Fear                     Hexes                        4
   f - Leda's Liquefaction            Hexes/Earth                  4
 N - a book of Maledictions

   Spells                             Type                      Level
   a - Corona                         Hexes                        1
   b - Ensorcelled Hibernation        Hexes/Ice                    2
   c - Confuse                        Hexes                        3
   d - Tukima's Dance                 Hexes                        3
   e - Dazzling Spray                 Conjuration/Hexes            3
Comestibles
 f - 3 bread rations
 h - 11 royal jellies
 z - 6 meat rations


   Skills:
 + Level 8.6 Fighting
 + Level 8.9 Axes
 + Level 10.0 Armour
 + Level 10.0 Shields
 + Level 5.6 Invocations


You had 10 spell levels left.
You didn't know any spells.

Dungeon Overview and Level Annotations

Branches:
Dungeon (11/15)            Temple (1/1) D:5
   Lair: D:8-11         Orc: D:9-12

Altars:
Ashenzari
Cheibriados
Dithmenos
Gozag
Kikubaaqudgha
Makhleb
Nemelex Xobeh
Qazlal
Sif Muna
Trog
Uskayaw
Yredelemnul
Zin

Shops:
D:10 (

Annotations:
D:5 Gorglomux's ghost, novice DDFi
D:11 Urug


Innate Abilities, Weirdness & Mutations

You are resistant to damage.
You can heal yourself by infusing magical energy.
You passively map the area around you.
You do not regenerate.


Message History

Urug hits you with a great sword of pain!
* * * LOW HITPOINT WARNING * * *
You writhe in agony.
Unknown command.
You are too injured to fight recklessly!
You are too injured to fight recklessly!
You are too injured to fight recklessly!
You are too injured to fight recklessly!
You are too injured to fight recklessly!
Unknown command.
You hit Urug but do no damage.
Urug is severely wounded.
Urug hits you with a great sword of pain!
* * * LOW HITPOINT WARNING * * *
You writhe in agony.
* * * LOW HITPOINT WARNING * * *
You hit Urug.
Urug is severely wounded.
Urug hits you with a great sword of pain!!
You die...

######## #......# #########
#......# ###### ........######
#......# .....###
.......@..(..###......#
.....'..>.......o####..##......#
.....# * ........# ##.<#......#
.....# ........# ##........#
>....# ####.#### ###......#
###'## #.. #......# ##.# #.
##....## ##..# * ##+####
####.### #..## #........#
#.......


You could see Urug.

Vanquished Creatures
  3 two-headed ogres
  Erica (D:11)
  The ghost of tilp the Firebug, a novice HOFE (D:4)
  A deep elf mage (D:11)
  A troll (D:9)
  A queen bee (D:11)
  Eustachio (D:4)
  2 wyverns (D:11)
  Grum (D:8)
  2 hungry ghosts (D:11)
  2 steam dragons (D:10)
  An acid dragon (D:11)
  A water moccasin (D:6)
  An ice beast (D:9)
  An orc warrior (D:10)
  A phantom (D:5)
  3 ogres
  3 centaurs
  2 wolves (D:8)
  A crocodile (D:6)
  4 bullfrogs
  A wyvern skeleton (D:11)
  4 scorpions
  23 killer bees
  3 howler monkeys (D:10)
  A bullfrog zombie (D:5)
  2 crimson imps
  A centaur zombie (D:7)
  A quasit (D:5)
  9 orc wizards
  3 bullfrog skeletons
  7 orc priests
  5 hounds
  7 iguanas
  Ijyb (D:5)
  7 worker ants
  2 hound zombies (D:5)
  2 hound skeletons
  A howler monkey zombie (D:5)
  2 worker ant zombies
  4 gnolls (D:6)
  7 river rats (D:7)
  7 adders
  A shadow imp (D:9)
  2 adder skeletons
  A dart slug (D:2)
  A leopard gecko (D:1)
  22 orcs
  A bat (D:2)
  3 hobgoblins
  3 jackals (D:5)
  A quokka (D:6)
  A ball python (D:3)
  2 frilled lizards
  A giant cockroach zombie (D:5)
  2 goblins (D:3)
  2 kobolds (D:1)
  A leopard gecko skeleton (D:8)
  A quokka skeleton (D:4)
  15 rats
194 creatures vanquished.

Vanquished Creatures (others)
  A jackal (D:5)
1 creature vanquished.

Grand Total: 195 creatures vanquished

Notes
Turn   | Place    | Note
-------+----------+-------------------------------------------
     0 | D:1      | Gorglomux the Deep Dwarf Fighter began the quest for the Orb.
     0 | D:1      | Reached XP level 1. HP: 20/20 MP: 1/1
   101 | D:2      | Reached skill level 3 in Fighting
   101 | D:2      | Reached XP level 2. HP: 19/28 MP: 2/2
   298 | D:4      | Noticed tilp's ghost (novice HOFE)
   349 | D:5      | Entered Level 5 of the Dungeon
   378 | D:5      | Noticed a crimson imp
   404 | D:5      | Killed a crimson imp
   404 | D:5      | Reached XP level 3. HP: 21/34 MP: 3/3
   447 | D:5      | Reached XP level 4. HP: 15/42 MP: 4/4
   456 | D:5      | Noticed a phantom
   511 | D:5      | Killed a phantom
   511 | D:5      | Reached XP level 5. HP: 19/50 MP: 4/4
   524 | D:5      | Noticed Gorglomux's ghost (novice DDFi)
   607 | D:6      | Reached XP level 6. HP: 40/57 MP: 4/4
   650 | D:6      | Noticed a water moccasin
   685 | D:6      | Killed a water moccasin
   799 | D:6      | Reached XP level 7. HP: 60/66 MP: 4/4
   843 | D:6      | Reached skill level 6 in Armour
  1147 | D:7      | Reached skill level 6 in Shields
  1246 | D:7      | Noticed a two-headed ogre
  1282 | D:7      | Reached skill level 3 in Axes
  1346 | D:7      | Killed a two-headed ogre
  1346 | D:7      | Reached XP level 8. HP: 67/76 MP: 2/2
  1463 | D:7      | Reached skill level 6 in Fighting
  2163 | D:4      | Noticed Eustachio
  2194 | D:4      | Killed tilp's ghost
  2194 | D:4      | Gained mutation: You passively map the area around you. [Deep Dwarf growth]
  2194 | D:4      | Reached XP level 9. HP: 25/85 MP: 2/2
  2239 | D:4      | Killed Eustachio
  2321 | D:4      | Reached skill level 6 in Axes
  2736 | D:5      | Found a staircase to the Ecumenical Temple.
  2742 | Temple   | Entered the Ecumenical Temple
  2824 | Temple   | Became a worshipper of Makhleb the Destroyer
  2873 | D:5      | Noticed Ijyb
  2890 | D:5      | Killed Ijyb
  3594 | D:8      | Noticed Grum
  3618 | D:8      | Killed Grum
  3658 | D:8      | Reached * piety under Makhleb
  3775 | D:8      | Noticed a death yak
  4097 | D:9      | Noticed a troll
  4106 | D:9      | Killed a troll
  4163 | D:9      | Found a sparkling altar of Nemelex Xobeh.
  4172 | D:9      | Reached ** piety under Makhleb
  4172 | D:9      | Reached XP level 10. HP: 39/94 MP: 3/3
  4510 | D:10     | Entered Level 10 of the Dungeon
  4512 | D:10     | Noticed a two-headed ogre
  4615 | D:10     | Found Ilumup's Weapon Emporium.
  4643 | D:10     | Reached skill level 1 in Invocations
  4654 | D:10     | Reached skill level 9 in Armour
  4805 | D:10     | Reached skill level 9 in Shields
  4898 | D:10     | Killed a two-headed ogre
  4898 | D:10     | Reached skill level 3 in Invocations
  5432 | D:11     | Noticed a deep elf mage
  5488 | D:11     | Killed a deep elf mage
  5502 | D:11     | Reached *** piety under Makhleb
  5712 | D:11     | Noticed a two-headed ogre
  5748 | D:11     | Killed a two-headed ogre
  5748 | D:11     | Reached XP level 11. HP: 83/104 MP: 1/3
  5826 | D:11     | Found a hide-covered altar of Uskayaw.
  5832 | D:11     | Noticed Erica
  5856 | D:11     | Killed Erica
  6073 | D:11     | Noticed Urug
  6100 | D:11     | Slain by Urug

Skill      XL: |  1  2  3  4  5  6  7  8  9 10 11 |
---------------+----------------------------------+-----
Fighting       | 3 4 5 6 7 8 |  8.6
Armour         | 4 5 7 8 9 10 | 10.0
Shields        | 4 5 7 8 9 10 | 10.0
Axes           | 4 5 7 8 |  8.9
Invocations    | 5 |  5.6

Action                   |  1- 3 |  4- 6 |  7- 9 | 10-12 || total
-------------------------+-------+-------+-------+-------++-------
Melee: War axe           |    83 |   124 |   472 |   416 ||  1095
Invok: Minor Destruction |       |       |       |     3 ||     3
 Abil: Heal Wounds       |     1 |     5 |    19 |    12 ||    37
Evoke: Wand              |       |       |     2 |    11 ||    13
  Use: Potion            |       |     1 |       |     3 ||     4
       Scroll            |       |       |       |     4 ||     4
 Stab: Confused          |       |       |       |     4 ||     4
  Eat: Chunk             |       |       |    12 |    10 ||    22
       Bread ration      |       |       |       |     1 ||     1
Armor: Scale mail        |    36 |    38 |    90 |       ||   164
       Skin              |       |    34 |       |    44 ||    78
       Chain mail        |       |       |    44 |    99 ||   143
Dodge: Dodged            |    39 |    62 |   280 |   207 ||   588
Block: Shield            |    37 |   102 |   325 |   273 ||   737
